[Event "Early-Titled-Tuesday-Blitz-December-26-2023"]
[Site "Chess.com"]
[Date "2023.12.26"]
[Round "10"]
[White "BardArtem"]
[Black "OneTrickPony_82"]
[Result "1/2-1/2"]
[WhiteElo "2682"]
[BlackElo "2482"]
[TimeControl "180+1"]
[EndTime "9:56:53 PST"]
[Termination "Game drawn - insufficient material"]

1. e4 e5 2. Nf3 Nc6 3. Bc4 Nf6 4. d3 Bc5 5. c3 d6 6. O-O a5 7. Nbd2 h6 8. Re1 O-O 9. Bb3 Be6 10. Bc2 Re8 11.
Nf1 d5 12. Ng3 Ng4 13. Re2 dxe4 14. Nxe4 Ba7 15. Ba4 f5 16. Ng3 e4 17. dxe4 Qxd1+ 18. Bxd1 Bc4 19. Rd2 fxe4 20. Nd4 Nxf2 21. Rxf2 Nxd4 22.
cxd4 Bxd4 23. Bc2 e3 24. Re2 Bxe2 25. Nxe2 Bb6 26. b4 Rad8 27. bxa5 Bxa5 28. Rb1 Bd2 29. Bb2 b6 30. Rf1 Rf8 31. Bb3+ Kh8 32. Rf3 Rxf3 33. gxf3 c5 34. Bc4 b5 35. Bxb5 Rb8 36. a4 c4 37. Bc3 Rd8 38. Kf1 Rd3 39. Bxc4 Rxc3 40. Nxc3 Bxc3 41. Ke2 Bd2 42. Kd3 Kh7 43. Kd4 Kg6 44.
Ke5 Kg5 45. Be2 Kh4 46. Kf5 Kh3 47. Kg6 Kxh2 48. Kxg7 Kg3 49. Kxh6 Kf2 50. Bd1 Ke1 51. Bb3 Kf2 52. Bd1 Ke1 53. Bb3 Ke2 54. Kh5 Kxf3 55.
Bc4 e2 56. Bxe2+ Kxe2 57. a5 Bxa5 1/2-1/2

[Event "Early-Titled-Tuesday-Blitz-December-26-2023"]
[Site "Chess.com"]
[Date "2023.12.26"]
[Round "10"]
[White "Durarbayli"]
[Black "Elsa167"]
[Result "1-0"]
[WhiteElo "2893"]
[BlackElo "2976"]
[TimeControl "180+1"]
[EndTime "9:56:55 PST"]
[Termination "Durarbayli won on time"]

1. e4 e6 2. d4 d5 3. Nc3 Bb4 4. e5 c5 5. a3 Bxc3+ 6. bxc3 Nc6 7.
Qg4 g6 8. h4 h6 9. a4 Qa5 10. Bd2 c4 11. Qd1 Bd7 12. Qb1 O-O-O 13. Nf3 f6 14. Qb5 Qc7 15. Qc5 b6 16. Qd6 Qxd6 17.
exd6 Be8 18. Bf4 h5 19. g3 Nh6 20. Bh3 Bd7 21. Kd2 Nf7 22. Rhe1 Rde8 23. Re3 e5 24. Bxd7+ Kxd7 25. dxe5 fxe5 26. Bg5 Nxd6 27. Rae1 e4 28. Ng1 Rhf8 29. Nh3 Ne5 30. Rd1 Kc6 31. Kc1 Nf5 32. Re2 Rf7 33. Red2 Rd7 34. Nf4 d4 35.
cxd4 Nf3 36. d5+ Kb7 37. Re2 N3d4 38. Ree1 c3 39. Bf6 Nf3 40. Re2 Rf8 41. Bxc3 Rc8 42. Bb2 Rc4 43. a5 bxa5 44. Nxg6 Rc5 45. Nf4 a4 46.
Rxe4 Ra5 47. Rb4+ Ka8 48. Ba3 Ne5 49. Re4 Nf7 50. Re8+ Rd8 51. Rxd8+ Nxd8 52. Nxh5 Kb7 53. Nf4 Nf7 54. h5 Kc7 55. g4 N5d6 56. Ne6+ Kd7 57. g5 Nc4 58. g6 Nh6 59. Bb4 a3 60. Bxa5 a2 61. Bc3 1-0

[Event "Early-Titled-Tuesday-Blitz-December-26-2023"]
[Site "Chess.com"]
[Date "2023.12.26"]
[Round "10"]
[White "Herzog2012"]
[Black "Alexei_Gubajdullin"]
[Result "1-0"]
[WhiteElo "2558"]
[BlackElo "2634"]
[TimeControl "180+1"]
[EndTime "9:56:56 PST"]
[Termination "Herzog2012 won by checkmate"]

1. e4 g6 2. d4 Bg7 3. Nc3 d6 4. f4 a6 5. Nf3 Nd7 6. Bd3 b5 7. O-O c5 8. dxc5 Nxc5 9. Be3 Nf6 10. e5 Ng4 11. Bxc5 dxc5 12. Be4 Ra7 13. Qe2 Qb6 14.
Nd5 Qb8 15. h3 Nh6 16. Qf2 c4 17. Qc5 Bf5 18. Bxf5 Nxf5 19. g4 Ng3 20. Rfe1 h5 21.
Kg2 h4 22. e6 O-O 23. Nxe7+ Rxe7 24. Qxe7 Qxf4 25. Qg5 fxe6 26. Qxf4 Rxf4 27. Nxh4 Ne4 28.
Nxg6 Rf2+ 29. Kg1 Rf6 30. Rxe4 Rxg6 31. c3 Kf7 32. a4 b4 33. Rxc4 b3 34. Rb4 Rg5 35.
Rxb3 Rd5 36. Rb7+ Kg6 37. Rf1 Rd2 38. Rf2 Rd1+ 39. Kg2 Bf6 40. Rb6 Re1 41. Rf1 Re2+ 42. Rf2 Re1 43. Rxa6 Bh4 44. Rf1 Re2+ 45. Kf3 Re5 46.
Kf4 Re2 47. Kf3 Re5 48. Rd1 Kf6 49. b4 Bg5 50. b5 Re3+ 51. Kf2 Rxc3 52. b6 Rb3 53. a5 Be3+ 54. Ke2 Ke5 55. Rf1 Bc5 56. Rf3 Rb2+ 57. Kd3 Rb3+ 58. Kc4 Rxf3 59. Kxc5 Rc3+ 60. Kb5 Kd5 61. Ra7 e5 62. Ka6 e4 63. Re7 e3 64. b7 Rc6+ 65. Ka7 Re6 66. Rxe6 Kxe6 67. b8=Q e2 68. Qe8+ Kf6 69. Qxe2 Kg5 70. Qf2 Kg6 71. Qf5+ Kg7 72. g5 Kg8 73. Qd7 Kf8 74. g6 Kg8 75. Qf7+ Kh8 76. Qh7# 1-0

[Event "Early-Titled-Tuesday-Blitz-December-26-2023"]
[Site "Chess.com"]
[Date "2023.12.26"]
[Round "10"]
[White "sheldons73tshirt"]
[Black "Giantgoogachess"]
[Result "1-0"]
[WhiteElo "2607"]
[BlackElo "2406"]
[TimeControl "180+1"]
[EndTime "9:56:58 PST"]
[Termination "sheldons73tshirt won by resignation"]

1. e4 c5 2. c3 Nf6 3. e5 Nd5 4.
Nf3 Nc6 5. d4 cxd4 6. cxd4 d6 7.
Bc4 dxe5 8. Bxd5 Qxd5 9. Nc3 Qd8 10. d5 Nd4 11. Nxd4 exd4 12. Qxd4 e6 13. O-O Qf6 14. Qe4 Be7 15. Bf4 O-O 16. d6 Bd8 17. Bg3 Ba5 18. Rad1 Bd7 19. Qxb7 Rfd8 20. Ne4 Qg6 21. Nc5 Rab8 22. Qxa7 Bb6 23. Qa3 Bxc5 24. Qxc5 Rxb2 25. Rd4 Rxa2 26. Qc7 Raa8 27. Bh4 f6 28. Qc4 Rac8 29.
Qa2 Qf7 30. Rd2 Bc6 31. Rfd1 Bd5 32. Qa3 Rc6 33. Bg3 h5 34. h4 Rdc8 35. Qa5 Rc5 36.
Qa4 R5c6 37. Qd4 Rc4 38. Qb6 Qd7 39. Qb2 Rg4 40. Rc1 Rxc1+ 41. Qxc1 Rxg3 42. fxg3 Qxd6 43. Kh2 Qf8 44. Qd1 Qf7 45. Qe2 Qg6 46. Rd4 Kh7 47. Rf4 e5 48. Rf2 Be4 49. Qe3 Qg4 50. Rd2 f5 51. Rb2 Qg6 52. Rb6 Qg4 53. Rd6 Ba8 54. Rd8 f4 55. Qd3+ e4 56. Qc3 fxg3+ 57. Qxg3 Qxg3+ 58. Kxg3 Bc6 59. Kf4 Kg6 60. g3 Kf7 61. Rd6 Bb7 62. Rd7+ 1-0

[Event "Early-Titled-Tuesday-Blitz-December-26-2023"]
[Site "Chess.com"]
[Date "2023.12.26"]
[Round "10"]
[White "HajiyevKanan"]
[Black "Witik"]
[Result "0-1"]
[WhiteElo "2611"]
[BlackElo "2735"]
[TimeControl "180+1"]
[EndTime "9:57:02 PST"]
[Termination "Witik won on time"]

1. d4 Nf6 2. Nf3 e6 3. c4 b6 4.
Nc3 Bb7 5. g3 Bb4 6. Bd2 O-O 7.
Bg2 d6 8. O-O Nbd7 9. Qc2 Bxc3 10. Bxc3 Be4 11. Qd2 c6 12. Bb4 Qc7 13. Rfc1 h6 14. a4 Rfd8 15. Ba3 a5 16. b4 axb4 17. Bxb4 c5 18. dxc5 Nxc5 19. Bxc5 dxc5 20. Qb2 Ra6 21. Ne5 Bxg2 22. Kxg2 Rda8 23. Nd3 Rxa4 24. Rxa4 Rxa4 25. Rb1 Rxc4 26. Qxb6 Qxb6 27. Rxb6 Rc2 28. Rb8+ Kh7 29.
Kf3 Nd5 30. Rc8 c4 31. Ne5 c3 32. Nxf7 Rd2 33. e4 Rd3+ 34. Ke2 Rd2+ 35. Kf3 Rd3+ 36. Ke2 Rd2+ 37. Ke1 Nf6 38. Rxc3 Nxe4 39. Re3 Rxf2 40. Rxe4 Rxf7 41. Rxe6 g5 42. Ke2 Kg7 43. Ke3 Rf1 44. Ke2 Rf7 45. h4 gxh4 46. gxh4 Rf4 47. h5 Rf5 48. Ke3 Rxh5 49. Kf4 Rg5 50. Re7+ Kg6 51. Re6+ Kh5 52. Re8 Rg4+ 53. Kf3 Kh4 54. Re1 h5 55. Rh1+ Kg5 56. Rh2 Ra4 57. Rg2+ Kf5 58. Rh2 Ra3+ 59. Kg2 Kg4 60. Rh1 Ra2+ 61. Kg1 Kg3 0-1

[Event "Early-Titled-Tuesday-Blitz-December-26-2023"]
[Site "Chess.com"]
[Date "2023.12.26"]
[Round "10"]
[White "Kimster98"]
[Black "Aleksandar-Topalov"]
[Result "1-0"]
[WhiteElo "2588"]
[BlackElo "2375"]
[TimeControl "180+1"]
[EndTime "9:57:03 PST"]
[Termination "Kimster98 won on time"]

1. c4 Nf6 2. Nc3 g6 3. g3 Bg7 4. Bg2 O-O 5. d3 c5 6. Bf4 d6 7. Qd2 Nc6 8. Bh6 Nd4 9. Bxg7 Kxg7 10. e3 Nc6 11. Nge2 a6 12. d4 Bd7 13. O-O Rb8 14.
Rfd1 Qa5 15. a3 Bf5 16. e4 Bg4 17. f3 cxd4 18. Nxd4 Bd7 19. b4 Qc7 20. Rac1 Nxd4 21. Qxd4 Kg8 22. f4 Be6 23. Rf1 Qxc4 24. Qxc4 Bxc4 25.
Rfe1 b5 26. e5 dxe5 27. Rxe5 e6 28. Rc5 Rfc8 29. Ne4 Nxe4 30. Bxe4 Rxc5 31. bxc5 Rc8 32. c6 Kf8 33. a4 Ke7 34. axb5 axb5 35. Ra1 Bd5 36.
Ra7+ Kf6 37. Bxd5 exd5 38. Rb7 Ke6 39. Rxb5 Rxc6 40. h3 h5 41. Kf2 Rc2+ 42. Kf3 Rc3+ 43. Kf2 Rc2+ 44. Kf3 Rc6 45. Ke3 Rc3+ 46. Kf2 Rd3 47.
Rb6+ Kf5 48. Rb7 f6 49. Rb6 d4 50. Rd6 Ke4 51. Rxf6 Rd2+ 52. Ke1 Rg2 53. Rxg6 d3 54. Re6+ Kf3 55. f5 Rxg3 56. f6 Rg8 57. f7 Rf8 58. Kd2 h4 59. Kxd3 Rxf7 60. Re3+ Kg2 61.
Ke2 Rg7 62. Ke1 Rg3 63. Ke2 1-0

[Event "Early-Titled-Tuesday-Blitz-December-26-2023"]
[Site "Chess.com"]
[Date "2023.12.26"]
[Round "10"]
[White "PeshkaCh"]
[Black "isaak2009"]
[Result "1-0"]
[WhiteElo "2844"]
[BlackElo "2629"]
[TimeControl "180+1"]
[EndTime "9:57:04 PST"]
[Termination "PeshkaCh won on time"]

1. Nf3 d5 2. d4 Nf6 3. c4 c6 4.
e3 e6 5. Nbd2 Nbd7 6. Bd3 Bd6 7.
O-O O-O 8. e4 dxe4 9. Nxe4 Nxe4 10. Bxe4 Nf6 11. Bc2 c5 12. Bg5 h6 13. Bh4 cxd4 14.
Qxd4 Be7 15. Rad1 Qc7 16. Bg3 Qa5 17. a3 Bd7 18. Ne5 Rfd8 19. Nxd7 Rxd7 20. Qe5 Qb6 21. b4 Rad8 22. c5 Qa6 23. Rxd7 Rxd7 24. Qc3 Nd5 25. Qb3 Bf6 26. Rd1 Qe2 27. Bd3 Qb2 28.
Qxb2 Bxb2 29. Bb5 Rd8 30. Rd3 Bf6 31. Bc4 Kf8 32. Bd6+ Ne7 33. Kf1 Ke8 34. Ke2 Nc6 35. Bb5 a6 36. Ba4 Be7 37. Be5 f6 38. Bc3 Rc8 39.
f4 Rc7 40. Bb3 Nd8 41. Re3 Kf7 42. f5 a5 43. fxe6+ Ke8 44. Ba4+ Kf8 45. Bd7 axb4 46. axb4 Nc6 47. Re4 Nb8 48. Bb5 Nc6 49. Bc4 Ne5 50. Bxe5 fxe5 51. Rxe5 b6 52. Rf5+ Kg8 53. Rf7 bxc5 54.
bxc5 Rxc5 55. Bb3 Rc7 56. Kd3 Kh7 57. Ke4 Rb7 58. Bd5 Rb4+ 59. Kd3 Rb5 60. Be4+ 1-0

[Event "Early-Titled-Tuesday-Blitz-December-26-2023"]
[Site "Chess.com"]
[Date "2023.12.26"]
[Round "10"]
[White "Msb2"]
[Black "LikeWater"]
[Result "0-1"]
[WhiteElo "2983"]
[BlackElo "2767"]
[TimeControl "180+1"]
[EndTime "9:57:05 PST"]
[Termination "LikeWater won by checkmate"]

1. d4 Nf6 2. c4 e6 3. Nc3 Bb4 4. e3 O-O 5. Bd2 d5 6. Nf3 b6 7. cxd5 Nxd5 8. e4 Nxc3 9. bxc3 Be7 10. e5 c5 11. Bd3 Bb7 12. h4 f5 13. exf6 Rxf6 14. Ng5 h6 15. Bh7+ Kh8 16. Be4 Bxe4 17. Nxe4 Rf8 18. Bxh6 gxh6 19. Qh5 Kg7 20. Rh3 Qe8 21. Qe2 Qf7 22. Rf3 Qe8 23. Rg3+ Kh7 24. Nxc5 bxc5 25. Qe4+ Kh8 26. Qxa8 Bxh4 27. Rh3 Bxf2+ 28.
Ke2 Qb5+ 29. Kd2 Qb2+ 30. Kd3 Qxa1 31. Qb7 Qf1+ 32. Kc2 Qe2+ 33. Kb3 Qd1+ 34. Kc4 Qa4+ 35. Kd3 c4+ 36. Ke4 Qc2+ 37. Ke5 Qf5+ 38. Kd6 Rd8+ 39.
Ke7 Qf8+ 40. Kxe6 Rd6+ 41. Ke5 Qf6+ 42. Ke4 Re6+ 43. Kd5 Rd6+ 44. Kxc4 Rc6+ 45. Kd3 Qf5+ 46. Ke2 Re6+ 47. Kd2 Qf4+ 48. Kc2 Qe4+ 49. Qxe4 Rxe4 50.
Rxh6+ Kg7 51. Rd6 Kf7 52. Kd3 Re7 53. g4 Bh4 54. Rh6 Bg5 55. Rh5 Kg6 56. Rh1 Nd7 57. a4 Nf6 58. c4 Nxg4 59. c5 Nf2+ 60. Kc4 Nxh1 61. d5 Kf6 62. d6 Re1 63. Kd5 Rd1+ 64. Kc6 Ke6 65. Kb7 Bf4 66. a5 Bxd6 67. cxd6 Kxd6 68.
a6 Rb1+ 69. Kxa7 Kc6 70. Ka8 Kb6 71. a7 Ra1 72. Kb8 Rxa7 73. Kc8 Ng3 74. Kb8 Ne4 75. Kc8 Nc5 76. Kb8 Rb7+ 77. Kc8 Kc6 78. Kd8 Ra7 79. Kc8 Ra8# 0-1

[Event "Early-Titled-Tuesday-Blitz-December-26-2023"]
[Site "Chess.com"]
[Date "2023.12.26"]
[Round "10"]
[White "bazar-wokzal"]
[Black "suyu28"]
[Result "1/2-1/2"]
[WhiteElo "2648"]
[BlackElo "2782"]
[TimeControl "180+1"]
[EndTime "9:57:05 PST"]
[Termination "Game drawn - insufficient material"]

1. e4 c5 2. c3 Nf6 3. e5 Nd5 4. d4 cxd4 5. cxd4 d6 6. Bc4 e6 7. Nf3 Nc6 8. O-O dxe5 9. dxe5 Be7 10. Qe2 Nb6 11. Rd1 Qc7 12. Bd3 O-O 13. Nc3 a6 14. Qe4 g6 15. Bh6 Rd8 16. h4 Bd7 17. h5 Be8 18.
hxg6 hxg6 19. Rac1 Nd5 20. Nxd5 Rxd5 21. Bg5 Bxg5 22. Nxg5 Qxe5 23. Qxe5 Rxe5 24. f4 Ra5 25. a3 Rd8 26. Be4 Rc5 27. Rb1 Rc4 28. Rxd8 Nxd8 29.
Rd1 Nc6 30. Kf2 Kf8 31. Ke3 Ke7 32. Rh1 Rc5 33. Rh7 Kd8 34. Bxg6 Ne7 35. Bxf7 Bxf7 36.
Nxf7+ Ke8 37. Nd6+ Kd7 38. Ne4 Rc2 39. b4 Kd8 40.
Nc5 Nd5+ 41. Ke4 Nf6+ 42. Kd3 Rxg2 43. Rxb7 Rg3+ 44. Kd4 Rxa3 45. Nxe6+ Kc8 46. Rf7 Ng4 47. Nc5 a5 48. b5 Ra1 49. b6 Rd1+ 50. Ke4 Kd8 51.
b7 Rb1 52. Na6 Ke8 53. Rg7 Nf6+ 54. Kf5 Nd7 55. Rxd7 Kxd7 56. b8=Q Rxb8 57. Nxb8+ Kd6 58. Kg6 a4 59. f5 a3 60. f6 a2 61. f7 Ke7 62. Nd7 a1=Q 63. f8=Q+ Kxd7 64. Qg7+ Qxg7+ 65. Kxg7 1/2-1/2

[Event "Early-Titled-Tuesday-Blitz-December-26-2023"]
[Site "Chess.com"]
[Date "2023.12.26"]
[Round "10"]
[White "defenceboy"]
[Black "SARGISMV"]
[Result "1-0"]
[WhiteElo "2777"]
[BlackElo "2540"]
[TimeControl "180+1"]
[EndTime "9:57:07 PST"]
[Termination "defenceboy won on time"]

1. e4 e6 2. d4 d5 3. Nc3 Bb4 4. e5 c5 5. a3 Bxc3+ 6. bxc3 Ne7 7. h4 h6 8. h5 Qc7 9. Nf3 b6 10. Bd3 Ba6 11. Bxa6 Nxa6 12. O-O cxd4 13. cxd4 Rc8 14.
Ra2 Qc4 15. Rb2 Nc7 16. Rb4 Qc6 17. Qd3 O-O 18. a4 a5 19. Rb1 Qxa4 20. Ba3 Rfe8 21. Rxb6 Na8 22. Rb7 Nc6 23. Bc5 Nb4 24. Qd2 Qxc2 25.
Qf4 Rc7 26. Rxc7 Nxc7 27. Bxb4 axb4 28. Rc1 Qe4 29. Qd2 Rb8 30. Rxc7 b3 31. Qb2 Qd3 32. Rc1 Ra8 33. Rb1 Rb8 34. Nd2 Qe2 35. Qc3 Qxh5 36. Nf3 Qf5 37. Rxb3 Ra8 38. Qc1 Qe4 39. Rc3 Kh7 40.
Kh2 Ra2 41. Qe3 Qf5 42. Rc1 Rb2 43. Rd1 Qg4 44. Kg1 Ra2 45. Qd3+ g6 46. Rc1 h5 47.
Rc7 Kg7 48. Qe3 Ra1+ 49. Rc1 Rxc1+ 50. Qxc1 Qe4 51. Qe3 Qg4 52. Qg5 Qe4 53. Qf6+ Kg8 54. Kh2 Qb1 55. Ng5 Qb7 56. Qd8+ Kg7 57. Qf6+ Kg8 58. Nh3 1-0

[Event "Early-Titled-Tuesday-Blitz-December-26-2023"]
[Site "Chess.com"]
[Date "2023.12.26"]
[Round "10"]
[White "wild3000"]
[Black "deribas12345"]
[Result "1-0"]
[WhiteElo "2429"]
[BlackElo "2519"]
[TimeControl "180+1"]
[EndTime "9:57:07 PST"]
[Termination "wild3000 won on time"]

1. d4 Nf6 2. Nf3 c5 3. e3 g6 4. c4 Bg7 5. Nc3 cxd4 6. Nxd4 O-O 7. Be2 Nc6 8. O-O d6 9. b3 a6 10. Bb2 Bd7 11. Bf3 Rc8 12. Nd5 Nxd5 13. Bxd5 Nxd4 14. exd4 Bc6 15. Bxc6 bxc6 16. Qe2 Re8 17. h4 Qa5 18. a3 d5 19. b4 Qa4 20. Rac1 e6 21. h5 Red8 22. g3 gxh5 23. Kg2 dxc4 24. Qxc4 Qb5 25.
Rh1 Rd5 26. Rh4 Qxc4 27. Rxc4 a5 28. Bc3 axb4 29. Bxb4 Bf8 30. Bc5 Bxc5 31. dxc5 Ra8 32. Rc3 Ra5 33. Rhc4 Kf8 34. a4 Ke7 35. Kf3 Kf6 36.
Ke3 Ra8 37. Rf4+ Rf5 38. Rxf5+ Kxf5 39. Kd4 f6 40. Ra3 Kg4 41. a5 Ra6 42. Kc4 h4 43. gxh4 Kxh4 44. Kb4 h5 45. Rg3 f5 46. Rg7 e5 47.
Rb7 f4 48. Rb6 Ra8 49. Rxc6 Kg4 50. a6 e4 51. Kb5 Kf3 52. Rf6 h4 53. Kb6 h3 54.
Rh6 e3 55. fxe3 fxe3 56. Rxh3+ Kf2 57. Kb7 Rf8 58. c6 e2 59. Rh2+ Ke3 60. Rxe2+ Kxe2 61.
c7 Rf7 62. a7 1-0

[Event "Early-Titled-Tuesday-Blitz-December-26-2023"]
[Site "Chess.com"]
[Date "2023.12.26"]
[Round "10"]
[White "Eternauta2400"]
[Black "Devil_Sun"]
[Result "1-0"]
[WhiteElo "2818"]
[BlackElo "2616"]
[TimeControl "180+1"]
[EndTime "9:57:08 PST"]
[Termination "Eternauta2400 won by checkmate"]

1. d4 Nf6 2. Bg5 Ne4 3. Bf4 d5 4. e3 Bf5 5. f3 Nf6 6. c4 c6 7.
Nc3 Qb6 8. Qb3 Nbd7 9. c5 Qxb3 10. axb3 h6 11. b4 g5 12. Bg3 Nh5 13. Bf2 Bg6 14. b5 e5 15. g4 Ng7 16. bxc6 bxc6 17. b4 exd4 18. exd4 Ne6 19. b5 Bg7 20. bxc6 Ndxc5 21. Nxd5 Bxd4 22. Rd1 Bxf2+ 23. Kxf2 Rc8 24. Bc4 a6 25. Nb4 O-O 26. Ne2 Kg7 27. Rd6 Rfd8 28. Rhd1 a5 29. Na6 Re8 30. Ra1 a4 31. Bxe6 Rxe6 32. Rxe6 Nxe6 33. c7 Bd3 34. Nb4 Bb5 35. Nc3 Bd7 36.
Nxa4 Rxc7 37. Nb6 Rb7 38. N6d5 Bb5 39. Rc1 Nd4 40. Rc7 Rxc7 41. Nxc7 Bc6 42. Ke3 Bxf3 43. Kxd4 Bxg4 44. Nbd5 f5 45. Ke5 f4 46. Ne8+ Kg6 47.
Nef6 Bf3 48. Ne7+ Kf7 49. Nf5 h5 50. Nd4 Bd1 51. Ne6 Kg6 52. Ne4 f3 53. Nf2 Be2 54. Nd4 g4 55. Nc2 Kg5 56. Ne3 Kh4 57. Kf4 Bb5 58.
Nf5# 1-0

[Event "Early-Titled-Tuesday-Blitz-December-26-2023"]
[Site "Chess.com"]
[Date "2023.12.26"]
[Round "10"]
[White "thechesscorner64"]
[Black "Barbix1"]
[Result "0-1"]
[WhiteElo "2402"]
[BlackElo "2300"]
[TimeControl "180+1"]
[EndTime "9:57:11 PST"]
[Termination "Barbix1 won by checkmate"]

1. e4 c5 2. Nf3 g6 3. c3 d5 4. e5 Bg4 5. d4 cxd4 6. cxd4 Qb6 7. Be2 Nc6 8. Nc3 Bxf3 9. Bxf3 Qxd4 10. Qxd4 Nxd4 11.
Bd1 e6 12. Ba4+ Nc6 13. Nb5 Kd7 14. Bf4 f6 15. exf6 Nxf6 16. O-O a6 17. Nd4 Bd6 18.
Bh6 Ng4 19. Bg7 Rhg8 20. Nxc6 bxc6 21. Bd4 Bxh2+ 22. Kh1 Bd6 23. Rac1 Rac8 24. f3 Nh6 25. Rfe1 Nf5 26. Bf2 h5 27. Kg1 Bg3 28. b4 Bxf2+ 29. Kxf2 Kd6 30. Rcd1 h4 31. a3 Rh8 32. Rc1 h3 33. g4 Nh6 34. Kg3 Nf7 35. Rh1 Ng5 36. Bc2 Rcf8 37. Rcf1 e5 38. Bxg6 d4 39. Bf5 Rh6 40. f4 exf4+ 41. Kxf4 Ne6+ 42. Ke4 Ng5+ 43. Kxd4 h2 44. Kc4 Rfh8 45. Rd1+ Ke7 46. Rd7+ Kf6 47.
Rd6+ Ke5 48. Rdd1 Nf3 49. Rd3 Kf4 50. Rf1 h1=Q 51. Rdd1 Qxf1+ 52. Rxf1 Rh1 53. Rf2 R8h2 54. Rxf3+ Kxf3 55. Kc5 Rc1+ 56. Kb6 Ra2 57. Kxa6 Rxa3+ 58. Kb6 Rb3 59. b5 Rxb5+ 60. Kc7 Re5 61. Bd7 Kf4 62. g5 Rxg5 63. Kb6 Rg7 64. Bc8 Ke5 65. Ba6 Rb1+ 66. Ka5 Ra1+ 67. Kb6 Rxa6+ 68. Kxa6 c5 69. Kb6 Kd4 70. Kb5 c4 71. Kb4 Rb7+ 72. Ka5 c3 73.
Ka6 Rb1 74. Ka7 c2 75. Ka8 c1=Q 76. Ka7 Qa3# 0-1

[Event "Early-Titled-Tuesday-Blitz-December-26-2023"]
[Site "Chess.com"]
[Date "2023.12.26"]
[Round "10"]
[White "Iball95"]
[Black "snowlord"]
[Result "1-0"]
[WhiteElo "2825"]
[BlackElo "2904"]
[TimeControl "180+1"]
[EndTime "9:57:15 PST"]
[Termination "Iball95 won on time"]

1. e4 Nc6 2. Nc3 d6 3. d4 Nf6 4. Nf3 g6 5. h3 Bg7 6. Be2 O-O 7. O-O a6 8. a4 e6 9. Be3 b6 10. Qd2 Bb7 11. Rad1 Ne7 12. e5 dxe5 13. Nxe5 Nf5 14.
Bf3 Bxf3 15. Nxf3 Nxe3 16. Qxe3 Nd5 17. Nxd5 Qxd5 18. b3 Rad8 19. Rfe1 Rd6 20. Rd3 Rfd8 21. Red1 Qc6 22. Qe2 Qa8 23. h4 h6 24. R1d2 b5 25.
axb5 axb5 26. Rd1 Qa5 27. g3 Qb4 28. Qd2 Qxd2 29. R1xd2 b4 30. Kf1 Rd5 31. Ke2 Kf8 32. Rd1 Ra8 33. c4 bxc3 34. Rxc3 Ra7 35. Rdc1 Bxd4 36.
Rxc7 Ra2+ 37. R1c2 Rxc2+ 38. Rxc2 Bb6 39. Rc4 Rb5 40. b4 Ke7 41. Nd2 Re5+ 42. Re4 Rd5 43. f3 Bc7 44. f4 Rb5 45. Kd3 Bd6 46. Kc3 Rb8 47. Nc4 Bxb4+ 48. Kd3 Bd6 49. Nxd6 Kxd6 50.
Kc4 h5 51. Rd4+ Kc6 52. Rd3 Ra8 53. Rb3 Ra4+ 54. Kd3 Ra1 55. Ke4 Re1+ 56. Kf3 f6 57. Rd3 e5 58. fxe5 Rxe5 59. Rd8 g5 60. hxg5 fxg5 61.
Rh8 g4+ 62. Kf4 Kd5 63. Rd8+ 1-0

[Event "Early-Titled-Tuesday-Blitz-December-26-2023"]
[Site "Chess.com"]
[Date "2023.12.26"]
[Round "10"]
[White "newyorkmouse"]
[Black "ValentunHulka"]
[Result "0-1"]
[WhiteElo "2506"]
[BlackElo "2765"]
[TimeControl "180+1"]
[EndTime "9:57:18 PST"]
[Termination "ValentunHulka won by checkmate"]

1. Nf3 d5 2. d3 Nc6 3. g3 e5 4.
Bg2 g6 5. O-O Bg7 6. c4 d4 7. e3 dxe3 8. fxe3 e4 9. dxe4 Qxd1 10. Rxd1 Nge7 11. Nc3 Bxc3 12. bxc3 Bg4 13. Ba3 Bxf3 14.
Bxf3 Ne5 15. Be2 f6 16. Rab1 Rb8 17. Kf2 Kf7 18. Bc5 b6 19. Bd4 Nd7 20. Bg4 Rhd8 21.
c5 f5 22. exf5 gxf5 23. Bh5+ Ke6 24. cxb6 axb6 25. c4 Ra8 26. Rd2 Nc5 27. Bf3 Ne4+ 28. Bxe4 fxe4 29. Rbd1 c5 30. Bc3 Rxa2 31. Ke2 Rdxd2+ 32. Rxd2 Ra4 33. Rb2 Nc8 34. Kd2 Rxc4 35. Ra2 Kd5 36.
Ra8 Nd6 37. Ra6 b5 38. Bg7 Ra4 39. Rxa4 bxa4 40. Kc3 Nc4 41. Bh6 Ne5 42. h3 Nd3 43. Bg5 c4 44. Bh6 a3 45. Bg7 a2 46. Kc2 Nf2 47. h4 Nd3 48. Bf6 Ke6 49. Bh8 Kf5 50. Ba1 Kg4 51. Kc3 Nc1 52. Kxc4 Kxg3 53. Kc3 Kf3 54.
Kb2 Nd3+ 55. Kxa2 Kxe3 56. Kb1 Kd2 57. Bg7 e3 58. Bh6 Ne5 59. Kb2 Nf3 60. h5 Nd4 61. Kb1 Nf5 62. Bg5 Kd1 63. Kb2 e2 64. Bh4 Nxh4 65.
Kc3 e1=Q+ 66. Kd4 Qg3 67. Ke4 Qg4+ 68. Ke5 Qf5+ 69. Kd6 Qxh5 70. Ke7 Qg6 71. Kf8 Nf3 72. Ke7 Ng5 73. Kf8 Qf7# 0-1

[Event "Early-Titled-Tuesday-Blitz-December-26-2023"]
[Site "Chess.com"]
[Date "2023.12.26"]
[Round "10"]
[White "KorolDimitriy75"]
[Black "WeAintSurePal"]
[Result "1-0"]
[WhiteElo "2381"]
[BlackElo "2502"]
[TimeControl "180+1"]
[EndTime "9:57:24 PST"]
[Termination "KorolDimitriy75 won by resignation"]

1. d4 d5 2. c4 e6 3. Nc3 Nf6 4. cxd5 exd5 5. Bg5 Be7 6. e3 c6 7. Bd3 Nbd7 8. Qc2 h6 9. Bh4 Nh5 10. Bxe7 Qxe7 11. Nge2 Nb6 12. O-O O-O 13. Rae1 Bd7 14. Qd2 Rae8 15. b3 Nc8 16. Bb1 Nd6 17. Nc1 Nf6 18.
f3 Qd8 19. Nd3 Bf5 20. Ne5 Bxb1 21. Nxb1 Nd7 22. f4 Nf6 23. Nc3 Nfe4 24. Nxe4 Nxe4 25. Qc2 f6 26. Ng6 Rf7 27. f5 Nd6 28. Rf3 Qd7 29.
Ref1 Re4 30. h3 Qe8 31. Qf2 Rc7 32. g4 a5 33. Kg2 a4 34. Nf4 axb3 35. axb3 Rce7 36.
Ne6 R4xe6 37. fxe6 Rxe6 38. Re1 Ne4 39. Qc2 h5 40.
Rf4 hxg4 41. hxg4 Ng5 42. Qd3 Qd7 43. Re2 Re4 44. Kg3 Qd6 45. Kg2 Rxf4 46. exf4 Qxf4 47. Qg3 Qxd4 48. Re8+ Kf7 49. Rb8 Qd2+ 50. Qf2 Qxf2+ 51. Kxf2 Ne4+ 52. Kf3 Nd6 53. Rd8 Ke7 54. Rg8 g5 55.
Rg7+ Ke6 56. Ke3 c5 57. Rc7 b6 58. Rc6 c4 59. bxc4 dxc4 60. Rxb6 Kd5 61. Ra6 Ke5 62. Ra5+ Ke6 63. Ra6 Kd5 64. Ra5+ Ke6 65. Ra6 Ke7 66. Kd4 Nf7 67. Ra7+ Ke6 68. Ra6+ Ke7 69. Ra7+ Kf8 70. Kxc4 Ne5+ 71. Kd5 Nxg4 72. Ke6 Kg8 73. Kf5 Ne3+ 74. Kg6 Kf8 75. Kxf6 Ke8 76. Re7+ Kd8 77. Rxe3 g4 78. Rg3 1-0

[Event "Early-Titled-Tuesday-Blitz-December-26-2023"]
[Site "Chess.com"]
[Date "2023.12.26"]
[Round "10"]
[White "Azalea95"]
[Black "Keaton87"]
[Result "1-0"]
[WhiteElo "2350"]
[BlackElo "2636"]
[TimeControl "180+1"]
[EndTime "9:57:27 PST"]
[Termination "Azalea95 won by resignation"]

1. e4 d6 2. d4 f6 3. Nc3 Kf7 4. Nf3 Ke6 5. Bc4+ Kd7 6. O-O Ke8 7. Re1 e6 8. a4 c6 9. d5 e5 10. dxc6 bxc6 11. Be3 Qe7 12. Qe2 Be6 13. Red1 Qf7 14. Bxe6 Qxe6 15. Nd2 Ne7 16. Nc4 Nc8 17. Rd2 Be7 18.
b3 Kf7 19. Rad1 Re8 20. Qh5+ Kf8 21. Qxh7 Nd7 22. Ne2 Ndb6 23. Nxb6 axb6 24. Ng3 Qg8 25. Qg6 Qf7 26. Qh7 Qg8 27. Qh3 Kf7 28. Nf5 Qh8 29. Qg4 g6 30. Nh6+ Kg7 31. Qe6 Qf8 32. Rd3 Bd8 33. Qd7+ Re7 34. Qg4 Kh7 35. Bc1 Kh8 36.
Qxg6 Rg7 37. Qh5 Rh7 38. Rh3 Raa7 39. Qf5 Ne7 40. Qg4 Ng8 41. Nxg8 Qxg8 42. Qxg8+ Kxg8 43. Rxd6 Be7 44. Rxh7 Kxh7 45. Rd3 b5 46. Be3 c5 47. g3 bxa4 48. bxa4 Kg6 49. Rd5 Rxa4 50. Bxc5 Bxc5 51. Rxc5 Rxe4 52. Rc8 Re1+ 53. Kg2 Kf5 54. c4 Rc1 55. c5 e4 56. c6 Rc2 57. Kg1 Rc1+ 58. Kg2 Rc2 59. Kf1 Rc1+ 60. Ke2 Rc2+ 61. Ke3 Rc3+ 62. Kd2 Rc5 63. c7 Rc6 64. h4 Rc4 65. h5 Rc6 66. h6 Kg6 67. Rg8+ 1-0

[Event "Early-Titled-Tuesday-Blitz-December-26-2023"]
[Site "Chess.com"]
[Date "2023.12.26"]
[Round "10"]
[White "ilushka"]
[Black "Agibileg"]
[Result "0-1"]
[WhiteElo "2483"]
[BlackElo "2692"]
[TimeControl "180+1"]
[EndTime "9:57:35 PST"]
[Termination "Agibileg won on time"]

1. Nf3 d5 2. g3 c5 3. Bg2 Nc6 4. d4 cxd4 5. Nxd4 e5 6. Nxc6 bxc6 7. c4 Be6 8. O-O Rc8 9. Qa4 Qd7 10. Rd1 d4 11. b4 Bxc4 12. e3 Be7 13. exd4 exd4 14.
Bb2 Bf6 15. Na3 Bd5 16. Bxd4 Bxd4 17. Rxd4 Ne7 18. Bxd5 cxd5 19. Qb3 O-O 20. Nc2 Rb8 21. Ne3 a5 22. a3 Qe6 23. Rad1 axb4 24. axb4 Nc6 25. Rh4 d4 26. Qxe6 fxe6 27. Nc2 e5 28. Re4 Rf5 29. g4 Rf3 30. Ne1 Rc3 31. Nd3 Rb5 32. f4 exf4 33. Rxf4 h6 34. Kg2 Rg5 35. h4 Rd5 36. Kf3 Nxb4 37. Ke4 Rxd3 38. Rxd3 Nxd3 39.
Kxd3 Ra5 40. Rxd4 Kf7 41. Ke4 Ke6 42. Rb4 Ra6 43. Kf4 Kf6 44. h5 Rd6 45. Ra4 Ke6 46. Rb4 Rc6 47. Ra4 Rc7 48. Ra6+ Kf7 49. Kf5 Rc5+ 50. Kf4 Ke7 51. Ke4 Rb5 52. Kf4 Rd5 53.
Ke4 Rd1 54. Kf5 Rd5+ 55. Kf4 Kf7 56. Ke4 Rg5 57. Kf4 Rb5 58. Ra7+ Kf6 59. Ra6+ Ke7 60.
Ra7+ Kf8 61. Ra8+ Kf7 62. Ra7+ Kg8 63. Ke4 Kh7 64. Kf4 Rc5 65. Ke4 Ra5 66. Kf4 Rxa7 0-1